[Event "Titled Tuesday Blitz June 22 2021"]
[White "Shipov, Sergei"]
[Black "Sirosh, Ilja"]
[WhiteFideId "4113624"]
[BlackFideId "4500458"]
[WhiteElo "2773"]
[BlackElo "2241"]
[Result "1-0"]
[Round "05"]
[TimeControl "180+1"]
[Date "2021.06.22"]
[WhiteClock "0:00:43"]
[BlackClock "0:00:01"]

1. d4 d5 2. c4 e6 3. Nc3 c5 4. cxd5 exd5 5. Nf3 Nf6 6. g3 Nc6 7. Bg2 cxd4 8. Nxd4 Bc5 9. Nxc6 bxc6 10. O-O O-O 11. Na4 Bb6 12. b3 Qe7 13. Bb2 h5 14. Bd4 Bxd4 15. Qxd4 Qxe2 16. Rfe1 Qg4 17. Qc5 Bd7 18. Nc3 h4 19. h3 Qg6 20. g4 Rfe8 21. Qd4 a5 22. Ne2 Ne4 23. Nf4 Qf6 24. Qxf6 Nxf6 25. Nd3 Rxe1+ 26. Rxe1 a4 27. b4 a3 28. Nc5 Be8 29. Bf1 Rb8 30. Na6 Rc8 31. Re3 Ne4 32. Rxa3 Ra8 33. Re3 Bd7 34. a3 Kf8 35. f3 Nd6 36. Nc5 Bc8 37. Kf2 g5 38. Rc3 Ra7 39. Ke3 f5 40. a4 Re7+ 41. Kd2 fxg4 42. fxg4 Ne4+ 43. Nxe4 dxe4 44. Ke3 Rf7 45. Be2 Rb7 46. b5 Be6 47. Rxc6 Bd5 48. Rc5 Bb3 49. a5 Rd7 50. a6 1-0


[Site "https://www.chess.com"]

[Event "Titled Tuesday Blitz June 22 2021"]
[White "Sjugirov, Sanan"]
[Black "Onyshchuk, Volodymyr"]
[WhiteFideId "4189302"]
[BlackFideId "14114038"]
[WhiteElo "2472"]
[BlackElo "2603"]
[Result "0-1"]
[Round "05"]
[TimeControl "180+1"]
[Date "2021.06.22"]
[WhiteClock "0:00:27"]
[BlackClock "0:00:25"]

1. e4 d6 2. d4 Nf6 3. Nc3 g6 4. Be3 c6 5. f3 Nbd7 6. Qd2 b5 7. g4 h6 8. h4 b4 9. Nce2 a5 10. Ng3 Qc7 11. Nh3 Nb6 12. g5 hxg5 13. hxg5 Nfd7 14. O-O-O Bg7 15. Be2 Bb7 16. Nf2 O-O-O 17. Kb1 c5 18. c3 bxc3 19. Qxc3 cxd4 20. Bxd4 Qxc3 21. bxc3 Be5 22. f4 Rxh1 23. Rxh1 Bxf4 24. Nf1 e5 25. Be3 d5 26. Bxf4 exf4 27. Rh4 dxe4 28. Rxf4 Nd5 29. Rxf7 Nxc3+ 30. Kb2 Nxe2 31. Ne3 Nb6 32. Rg7 Rd2+ 33. Ka3 Nc1 0-1


[Site "https://www.chess.com"]

[Event "Titled Tuesday Blitz June 22 2021"]
[White "Smirnov, Pavel"]
[Black "Maksimovic, Bojan"]
[WhiteFideId "4123425"]
[BlackFideId "14408120"]
[WhiteElo "2584"]
[BlackElo "2437"]
[Result "1-0"]
[Round "05"]
[TimeControl "180+1"]
[Date "2021.06.22"]
[WhiteClock "0:00:40"]
[BlackClock "0:00:01"]

1. e4 c5 2. c3 d6 3. d4 Qc7 4. Nf3 g6 5. Bd3 Bg7 6. h3 Nf6 7. O-O O-O 8. Re1 e5 9. dxe5 dxe5 10. Qe2 Be6 11. Ng5 Bd7 12. Na3 h6 13. Nf3 Nc6 14. Nc2 Be6 15. Bc4 Bxc4 16. Qxc4 Na5 17. Qe2 c4 18. Ne3 b5 19. Nh2 Nb7 20. Nhg4 Nxg4 21. hxg4 Nc5 22. Nd5 Qd6 23. g5 hxg5 24. Bxg5 f6 25. Bh4 Nd3 26. Red1 Kf7 27. a4 a6 28. b3 Rh8 29. Qg4 g5 30. Bg3 Rhd8 31. bxc4 bxc4 32. a5 Rab8 33. Nb6 Qe6 34. Qxe6+ Kxe6 35. Nxc4 Nc5 36. f3 Nb3 37. Rxd8 Rxd8 38. Rb1 Nc5 39. Rb6+ Kf7 40. Ne3 Bf8 41. Nd5 Nd3 42. Rxf6+ Kg7 43. Rxa6 Bc5+ 44. Kf1 Rb8 45. Ke2 Nf4+ 46. Bxf4 gxf4 47. Rc6 Rb2+ 48. Kd3 Bg1 49. Nb6 Rxg2 50. Nc4 Rf2 51. Nxe5 Bh2 52. Rg6+ 1-0


[Site "https://www.chess.com"]

[Event "Titled Tuesday Blitz June 22 2021"]
[White "SpeedofLight0"]
[Black "Kislov, Oleg"]
[BlackFideId "13503774"]
[WhiteElo "2784"]
[BlackElo "2252"]
[Result "1-0"]
[Round "05"]
[TimeControl "180+1"]
[Date "2021.06.22"]
[WhiteClock "0:01:41"]
[BlackClock "0:00:04"]

1. Nf3 d5 2. g3 Nf6 3. Bg2 c6 4. O-O Bg4 5. d3 Nbd7 6. Qe1 e5 7. e4 dxe4 8. dxe4 Bc5 9. Nbd2 Qe7 10. Nc4 O-O 11. Nh4 a5 12. Nf5 Bxf5 13. exf5 e4 14. Nxa5 e3 15. fxe3 Ng4 16. Nxb7 Bb6 17. b4 Rfe8 18. Bxc6 Qf6 19. Bxd7 Qxa1 20. Bxe8 Rxe8 21. Nc5 Qxa2 22. Qc3 Qd5 23. Qd4 Qc6 24. Qxg4 1-0


[Site "https://www.chess.com"]

[Event "Titled Tuesday Blitz June 22 2021"]
[White "Starozhilov, Leonid"]
[Black "Mazur, Stefan"]
[WhiteFideId "14106752"]
[BlackFideId "14909332"]
[WhiteElo "2414"]
[BlackElo "2437"]
[Result "1-0"]
[Round "05"]
[TimeControl "180+1"]
[Date "2021.06.22"]
[WhiteClock "0:00:05"]
[BlackClock "0:00:01"]

1. e4 e5 2. Nf3 Nc6 3. Bb5 a6 4. Ba4 Nf6 5. d3 Bc5 6. Nc3 d6 7. Be3 Bxe3 8. fxe3 O-O 9. Bxc6 bxc6 10. O-O Ng4 11. Qd2 f5 12. exf5 Bxf5 13. e4 Be6 14. h3 Nf6 15. Rf2 Nh5 16. Raf1 Ng3 17. Re1 Qe7 18. Qg5 Qxg5 19. Nxg5 Bd7 20. Ne2 Nxe2+ 21. Rexe2 a5 22. Rxf8+ Rxf8 23. Rf2 Rb8 24. Rf7 Rd8 25. Rf1 Rb8 26. b3 h6 27. Nf3 a4 28. Nd2 Be6 29. Kf2 Ra8 30. Ke3 axb3 31. axb3 Ra2 32. Rc1 Kf7 33. h4 c5 34. Nf3 Ke7 35. g3 Bg4 36. Nd2 Be6 37. Nb1 Bg4 38. Nc3 Ra8 39. Nd5+ Kd7 40. Rf1 Be6 41. Nc3 Ke7 42. Ne2 c6 43. Kd2 d5 44. Nc3 d4 45. Na4 Kd6 46. Nb2 Ra2 47. Rb1 g5 48. hxg5 hxg5 49. Ke2 Ra8 50. Nc4+ Bxc4 51. bxc4 g4 52. Rh1 Rf8 53. Rh6+ Kc7 54. Rg6 Rf3 55. Rg7+ 1-0


[Site "https://www.chess.com"]

[Event "Titled Tuesday Blitz June 22 2021"]
[White "Stribuk, Artiom"]
[Black "Tabatabaei, M. Amin"]
[WhiteFideId "13515659"]
[BlackFideId "12521213"]
[WhiteElo "2177"]
[BlackElo "2555"]
[Result "1-0"]
[Round "05"]
[TimeControl "180+1"]
[Date "2021.06.22"]
[WhiteClock "0:00:12"]
[BlackClock "0:00:09"]

1. d4 f5 2. Nf3 Nf6 3. g3 e6 4. Bg2 b6 5. O-O Bb7 6. c4 Be7 7. d5 O-O 8. Nd4 c5 9. Nc2 d6 10. dxe6 Bxg2 11. Kxg2 Qc8 12. Nc3 Qxe6 13. Ne3 Nbd7 14. Ned5 Nxd5 15. Qxd5 Qxd5+ 16. Nxd5 Rf7 17. Bf4 Nf6 18. Rfd1 Bf8 19. Nxf6+ Rxf6 20. Rd5 Re8 21. Kf1 h6 22. h4 g6 23. a4 a5 24. Rad1 Rd8 25. R1d3 Rd7 26. Rb3 Rb7 27. f3 Kf7 28. Bd2 Be7 29. Bxa5 Bd8 30. Bc3 Re6 31. a5 Bc7 32. a6 Ra7 33. Ra3 Re8 34. b4 cxb4 35. Bxb4 Re6 36. h5 Kf6 37. Bc3+ Kf7 38. hxg6+ Kxg6 39. Bd2 Re8 40. Bf4 Re6 41. Kf2 h5 42. Rb5 Re8 43. Rd5 Re6 44. Rad3 Rxa6 45. Bxd6 Bxd6 46. Rxd6 Kf6 47. Rd8 Ra2 48. Re3 Rc6 49. Rf8+ Kg6 50. Re5 Rxc4 51. Rfxf5 Rb4 52. Rxh5 Rbb2 53. g4 b5 54. Rhg5+ Kf6 55. Rgf5+ Kg6 56. Re6+ Kg7 57. Rfe5 b4 58. Rb6 b3 59. Re3 Ra3 60. f4 Ra4 61. Kf3 Rb1 62. Rexb3 Rf1+ 63. Kg3 Rfxf4 64. Rb7+ Kg8 65. Rb8+ Kg7 66. R3b7+ Kg6 67. Rg8+ Kh6 68. g5+ Kh5 69. Rh7# 1-0


[Site "https://www.chess.com"]

[Event "Titled Tuesday Blitz June 22 2021"]
[White "Terry, Renato"]
[Black "Mezentsev, Ivan"]
[WhiteFideId "3803457"]
[BlackFideId "13706195"]
[WhiteElo "2581"]
[BlackElo "2295"]
[Result "1-0"]
[Round "05"]
[TimeControl "180+1"]
[Date "2021.06.22"]
[WhiteClock "0:00:22"]
[BlackClock "0:00:02"]

1. e4 d5 2. exd5 Nf6 3. d4 Nxd5 4. Nf3 g6 5. Be2 Bg7 6. O-O O-O 7. c3 Nb6 8. Nbd2 Nc6 9. Bb5 Bd7 10. Re1 a6 11. Bf1 Re8 12. Ne4 Bg4 13. Nc5 e5 14. h3 Bxf3 15. Qxf3 exd4 16. Nxb7 Rxe1 17. Nxd8 Nxd8 18. cxd4 Ne6 19. g3 Nxd4 20. Qd3 Ne2+ 21. Qxe2 Rxe2 22. Bxe2 Na4 23. Bf4 c5 24. Rd1 Nxb2 25. Rd7 Bd4 26. Bf3 Re8 27. Bd5 Re1+ 28. Kg2 Re2 29. Bxf7+ Kh8 30. h4 h5 31. Bxg6 Rxf2+ 32. Kh3 Nd3 33. Bxd3 Kg8 34. Bg6 Kf8 35. Bh6+ Kg8 36. Rd8+ 1-0


[Site "https://www.chess.com"]

[Event "Titled Tuesday Blitz June 22 2021"]
[White "Timofeev, Artyom"]
[Black "Peralta, Eduardo"]
[WhiteFideId "4140419"]
[BlackFideId "3700062"]
[WhiteElo "2582"]
[BlackElo "2205"]
[Result "1-0"]
[Round "05"]
[TimeControl "180+1"]
[Date "2021.06.22"]
[WhiteClock "0:00:44"]
[BlackClock "0:00:02"]

1. c4 Nf6 2. Nc3 g6 3. g3 Bg7 4. Bg2 O-O 5. d3 c6 6. e4 e5 7. Nge2 d6 8. O-O Na6 9. h3 Nc7 10. f4 exf4 11. Nxf4 Ne6 12. Kh2 Re8 13. Nce2 a5 14. Bd2 Nd7 15. Nxe6 fxe6 16. d4 e5 17. d5 Nc5 18. Be3 Qb6 19. Qd2 cxd5 20. cxd5 Bd7 21. Nc3 Qb4 22. Rac1 Rac8 23. Rf2 a4 24. Bh6 Bxh6 25. Qxh6 Nd3 26. Rf7 Kxf7 27. Qxh7+ Kf6 28. Rf1+ Nf4 29. gxf4 exf4 30. Qxd7 g5 31. Qf5+ Ke7 32. Qxg5+ Kd7 33. Rxf4 Kc7 34. e5 Rxe5 35. Qxe5 Qxb2 36. Rf7+ Kb8 37. Qxd6+ Ka8 38. Nxa4 1-0


[Site "https://www.chess.com"]

[Event "Titled Tuesday Blitz June 22 2021"]
[White "Tristan, Leonardo"]
[Black "Abdusattorov, Nodirbek"]
[WhiteFideId "113816"]
[BlackFideId "14204118"]
[WhiteElo "2404"]
[BlackElo "2662"]
[Result "1-0"]
[Round "05"]
[TimeControl "180+1"]
[Date "2021.06.22"]
[WhiteClock "0:00:29"]
[BlackClock "0:01:38"]

1. d4 Nf6 2. Bg5 Ne4 3. Bf4 c5 4. f3 Nf6 5. d5 Qb6 6. Bc1 e6 7. e4 exd5 8. exd5 Bd6 9. Na3 O-O 10. Nc4 Re8+ 11. Ne2 Qc7 12. Kf2 b5 13. Nxd6 Qxd6 14. Nc3 b4 15. Nb5 Qb6 16. a4 c4+ 17. Qd4 Qxd4+ 18. Nxd4 Ba6 19. Nb5 Bxb5 20. axb5 Rc8 21. b6 Nxd5 22. b7 Nc6 23. Bxc4 Nb6 24. Ba6 1-0


[Site "https://www.chess.com"]

[Event "Titled Tuesday Blitz June 22 2021"]
[White "Tsaruk, Maksim"]
[Black "Kovalev, Vladislav"]
[WhiteFideId "13511173"]
[BlackFideId "13504398"]
[WhiteElo "2197"]
[BlackElo "2573"]
[Result "0-1"]
[Round "05"]
[TimeControl "180+1"]
[Date "2021.06.22"]
[WhiteClock "0:00:01"]
[BlackClock "0:01:42"]

1. e4 e5 2. Nf3 Nc6 3. Bb5 a6 4. Ba4 Nf6 5. O-O Be7 6. Re1 b5 7. Bb3 d6 8. c3 O-O 9. h3 Nb8 10. d4 Nbd7 11. Nbd2 c5 12. Nf1 Re8 13. Ng3 Bf8 14. a4 Bb7 15. d5 c4 16. Bc2 Qc7 17. Be3 Reb8 18. Nd2 Bc8 19. Qe2 Nc5 20. Rf1 bxa4 21. Rfb1 Bd7 22. Bxc5 Qxc5 23. Bxa4 Bb5 24. Ngf1 g6 25. Qe3 Nd7 26. Qxc5 Nxc5 27. Bxb5 axb5 28. Ne3 Bh6 29. Kf1 Bxe3 30. fxe3 Nd3 31. Rxa8 Rxa8 32. Ke2 Ra2 33. b3 Nc5 34. Ke1 cxb3 35. Ke2 Nxe4 0-1


[Site "https://www.chess.com"]

[Event "Titled Tuesday Blitz June 22 2021"]
[White "Urquhart, Ed"]
[Black "Sonis, Francesco"]
[WhiteFideId "2603748"]
[BlackFideId "895733"]
[WhiteElo "2184"]
[BlackElo "2373"]
[Result "0-1"]
[Round "05"]
[TimeControl "180+1"]
[Date "2021.06.22"]
[WhiteClock "0:00:02"]
[BlackClock "0:00:11"]

1. e4 e5 2. Nf3 Nc6 3. d4 exd4 4. Bc4 Bc5 5. c3 Nf6 6. e5 d5 7. Bb5 Ne4 8. cxd4 Bb6 9. Nc3 Ba5 10. Bd2 Bxc3 11. bxc3 O-O 12. O-O Na5 13. Bd3 f5 14. exf6 Qxf6 15. Ne5 Bf5 16. Bxe4 dxe4 17. Bf4 b6 18. Bg3 Rac8 19. c4 Rfe8 20. Qa4 c5 21. Nd7 Qxd4 22. Rad1 Qxc4 23. Qa3 Qb4 24. Qe3 Nc6 25. Qg5 Bg6 26. h4 e3 27. h5 e2 28. hxg6 exf1=Q+ 29. Rxf1 Qe4 30. gxh7+ Kxh7 31. Qh5+ Kg8 32. Qg5 Qe6 33. Rd1 Rcd8 34. Rd3 Rxd7 0-1


[Site "https://www.chess.com"]

[Event "Titled Tuesday Blitz June 22 2021"]
[White "Visakh N R"]
[Black "Jia, Haoxiang"]
[WhiteFideId "25012223"]
[BlackFideId "8602999"]
[WhiteElo "2428"]
[BlackElo "2632"]
[Result "1-0"]
[Round "05"]
[TimeControl "180+1"]
[Date "2021.06.22"]
[WhiteClock "0:01:12"]
[BlackClock "0:01:08"]

1. e4 c5 2. Nf3 e6 3. d4 cxd4 4. Nxd4 a6 5. Bd3 Nf6 6. O-O Qc7 7. f4 d6 8. Kh1 Nbd7 9. a4 b6 10. Nc3 Bb7 11. Bd2 Be7 12. Qf3 O-O 13. Rae1 Rfe8 14. Qh3 g6 15. e5 Nh5 16. f5 Nxe5 17. Nxe6 fxe6 18. fxg6 hxg6 19. Rxe5 dxe5 20. Qxe6+ Kh8 21. Qxg6 Bc5 22. Qxh5+ Kg8 23. Bc4+ Kg7 24. Qh6# 1-0


[Site "https://www.chess.com"]

[Event "Titled Tuesday Blitz June 22 2021"]
[White "Vlassov, Nikolai"]
[Black "Kezin, Roman"]
[WhiteFideId "4103360"]
[BlackFideId "24124621"]
[WhiteElo "2407"]
[BlackElo "2574"]
[Result "0-1"]
[Round "05"]
[TimeControl "180+1"]
[Date "2021.06.22"]
[WhiteClock "0:00:02"]
[BlackClock "0:00:32"]

1. e4 b6 2. d4 Bb7 3. Bd3 e6 4. Nf3 d6 5. Nc3 g6 6. h4 h6 7. Bf4 Bg7 8. Qd2 Nd7 9. O-O-O Ngf6 10. Kb1 a6 11. Rhg1 Qe7 12. g4 b5 13. Rde1 Nb6 14. g5 hxg5 15. hxg5 Nfd7 16. Rh1 O-O-O 17. a4 b4 18. Na2 a5 19. Nc1 c5 20. Bb5 Rxh1 21. Rxh1 Bxe4 22. Qe3 Bb7 23. Nb3 Nd5 24. Qd2 Nxf4 25. Qxf4 e5 26. Bxd7+ Qxd7 27. dxe5 Bxe5 28. Qe3 Qxa4 29. Rh7 Rh8 30. Rxh8+ Bxh8 31. Nxc5 dxc5 32. Qxc5+ Kd7 33. Ne5+ Bxe5 34. Qxe5 Qc6 35. Qd4+ Qd5 36. Qb6 Qh1+ 37. Ka2 Qd5+ 38. b3 Qc6 39. Qxa5 Qxc2+ 40. Ka1 Qc1+ 41. Ka2 Qa3+ 42. Qxa3 bxa3 43. Kxa3 Ke6 44. Kb4 Kf5 45. Kc5 Kxg5 46. Kd6 Kf4 47. b4 f5 48. b5 g5 49. b6 g4 0-1


[Site "https://www.chess.com"]

[Event "Titled Tuesday Blitz June 22 2021"]
[White "Wagner, Dennis"]
[Black "Perez Ponsa, Federico"]
[WhiteFideId "24650684"]
[BlackFideId "117927"]
[WhiteElo "2355"]
[BlackElo "2672"]
[Result "0-1"]
[Round "05"]
[TimeControl "180+1"]
[Date "2021.06.22"]
[WhiteClock "0:00:08"]
[BlackClock "0:00:11"]

1. d4 Nf6 2. Nf3 d5 3. c4 e6 4. g3 Bb4+ 5. Bd2 Bd6 6. Bg2 O-O 7. Nc3 c6 8. b3 Nbd7 9. Qc2 b6 10. O-O Bb7 11. Rad1 Rc8 12. e4 Bb4 13. e5 Bxc3 14. exf6 Bxd2 15. fxg7 Kxg7 16. Qxd2 Qf6 17. Rfe1 Rfd8 18. Ne5 Nxe5 19. dxe5 Qh6 20. Qc3 c5 21. cxd5 Bxd5 22. Bxd5 Rxd5 23. b4 Rcd8 24. Rxd5 Rxd5 25. bxc5 bxc5 26. Re3 Qh5 27. Kg2 Qg4 28. Qa5 Qd4 29. Qc7 Rd7 30. Qc8 c4 31. h4 h6 32. h5 a5 33. a4 Qd5+ 34. Kh2 Rb7 35. Re1 Rb2 36. Kg1 Qd4 37. Re3 Qd5 38. Re1 Qf3 39. Rf1 c3 40. Qc4 Rd2 41. Qc5 c2 42. Qc4 Qd1 43. Kg2 Qxf1+ 44. Kxf1 Rd1+ 45. Ke2 c1=Q 46. Qg4+ Kf8 47. Qh4 Qc2+ 48. Kf3 Qc6+ 49. Ke2 Qc2+ 50. Kf3 Qd3+ 51. Kg2 Qd5+ 52. f3 Qd2+ 53. Kh3 Rh1+ 54. Kg4 Rxh4+ 55. gxh4 Qd4+ 56. f4 Qxa4 57. Kg3 Qd4 58. Kg4 a4 0-1


[Site "https://www.chess.com"]

[Event "Titled Tuesday Blitz June 22 2021"]
[White "Weetik, Vjacheslav"]
[Black "Drygalov, Sergey"]
[WhiteFideId "4153472"]
[BlackFideId "24171743"]
[WhiteElo "2469"]
[BlackElo "2514"]
[Result "1-0"]
[Round "05"]
[TimeControl "180+1"]
[Date "2021.06.22"]
[WhiteClock "0:00:15"]
[BlackClock "0:00:01"]

1. d4 Nf6 2. Bf4 e6 3. e3 d5 4. Nd2 c5 5. c3 Nc6 6. Bd3 Bd6 7. Bxd6 Qxd6 8. f4 O-O 9. Ngf3 b6 10. O-O Bb7 11. Ne5 Ne7 12. Qf3 Nd7 13. Qh3 f5 14. Ndf3 Nf6 15. g4 b5 16. Rf2 b4 17. Rg2 Ne4 18. Kh1 bxc3 19. bxc3 cxd4 20. Nxd4 Rf6 21. gxf5 exf5 22. Rag1 g6 23. Bxe4 dxe4 24. Qh6 Bc6 25. h4 Be8 26. h5 Rc8 27. Rh2 g5 28. Qxg5+ Bg6 29. hxg6 Nxg6 30. Nxf5 Qe6 31. Nd4 Qe7 32. Qh6 1-0


[Site "https://www.chess.com"]

[Event "Titled Tuesday Blitz June 22 2021"]
[White "Willow, Jonah B"]
[Black "Demin, Vladimir"]
[WhiteFideId "438804"]
[BlackFideId "4167457"]
[WhiteElo "2261"]
[BlackElo "2551"]
[Result "1-0"]
[Round "05"]
[TimeControl "180+1"]
[Date "2021.06.22"]
[WhiteClock "0:00:22"]
[BlackClock "0:00:03"]

1. e4 e5 2. Nf3 Nc6 3. Nc3 Nf6 4. Bb5 Bb4 5. O-O O-O 6. d3 d6 7. Bg5 Ne7 8. Nh4 c6 9. Bc4 Bxc3 10. bxc3 d5 11. Bb3 Ng6 12. Bxf6 gxf6 13. Nxg6 hxg6 14. Qf3 Be6 15. Qg3 a5 16. a4 Kg7 17. f4 exf4 18. Qxf4 Rh8 19. Rf2 Rh5 20. Raf1 f5 21. exd5 cxd5 22. Re1 Rc8 23. Qe5+ Qf6 24. Bxd5 Qxe5 25. Rxe5 Kf6 26. Bxe6 fxe6 27. Rfe2 Rxc3 28. Rxe6+ Kg5 29. g3 Rh7 30. h4+ Kh5 31. Rb6 Rhc7 32. Ree6 Kg4 33. Rxg6+ Kf3 34. Rbf6 R7c5 35. Rg5 Rxc2 36. Rfxf5+ Rxf5 37. Rxf5+ Kxg3 38. h5 Rc1+ 39. Rf1 Rc2 40. Rb1 Rg2+ 41. Kf1 Rh2 42. Rb5 Kf3 43. Rf5+ Ke3 44. Rxa5 Kxd3 45. Kg1 Rh4 46. Kg2 Ke3 47. Kg3 Rh1 48. Re5+ Kd4 49. Rb5 Rg1+ 50. Kf4 Rf1+ 51. Kg5 Rg1+ 52. Kf6 Rh1 53. Kg6 Ke4 54. Rxb7 Rg1+ 55. Kf7 Kf5 56. Rb5+ Ke4 57. h6 Rh1 58. Kg7 Rg1+ 59. Kf6 Rh1 60. Kg6 Rg1+ 61. Rg5 Rd1 62. h7 Rd6+ 63. Kf7 Rd8 64. Rg8 Rd7+ 65. Ke6 Rd6+ 66. Kxd6 1-0


[Site "https://www.chess.com"]

[Event "Titled Tuesday Blitz June 22 2021"]
[White "Wong, Yinn Long"]
[Black "Vasli, Aref"]
[WhiteFideId "5707684"]
[BlackFideId "417521"]
[WhiteElo "2016"]
[BlackElo "2257"]
[Result "1-0"]
[Round "05"]
[TimeControl "180+1"]
[Date "2021.06.22"]
[WhiteClock "0:00:07"]
[BlackClock "0:00:07"]

1. e4 e5 2. Nf3 Nc6 3. d4 exd4 4. Nxd4 Qf6 5. Nf3 Bc5 6. Nc3 Nge7 7. Bg5 Qg6 8. Qd2 h6 9. Be3 Bxe3 10. Qxe3 O-O 11. O-O-O d6 12. Nb5 Bg4 13. Be2 Rac8 14. Kb1 a6 15. Nc3 Bxf3 16. Bxf3 Rce8 17. Qf4 Ne5 18. Be2 f5 19. exf5 Rxf5 20. Qe3 Kh8 21. g3 N7c6 22. f4 Nc4 23. Qf2 Rc5 24. Bd3 Qf6 25. Rhe1 Rxe1 26. Rxe1 Kg8 27. Bxc4+ Rxc4 28. Qf3 Nb4 29. a3 Nc6 30. Qd5+ Kh7 31. Qxc4 g6 32. Qd3 h5 33. Nd5 Qf7 34. c4 b5 35. Qc3 bxc4 36. Qxc4 Qf5+ 37. Ka2 a5 38. Qxc6 Qd3 39. Re7+ Kh6 40. Nf6 g5 41. fxg5+ Kg6 42. Qe4+ Qxe4 43. Nxe4 1-0


[Site "https://www.chess.com"]

[Event "Titled Tuesday Blitz June 22 2021"]
[White "Yanchenko, Roman"]
[Black "Hansen, Eric"]
[WhiteFideId "4137329"]
[BlackFideId "2606771"]
[WhiteElo "2514"]
[BlackElo "2568"]
[Result "1-0"]
[Round "05"]
[TimeControl "180+1"]
[Date "2021.06.22"]
[WhiteClock "0:00:07"]
[BlackClock "0:00:03"]

1. d4 Nf6 2. c4 e6 3. Nf3 b6 4. g3 Bb7 5. Bg2 Be7 6. O-O O-O 7. Nc3 Ne4 8. Bd2 Nxd2 9. Qxd2 d6 10. Rad1 Nd7 11. e4 a6 12. Rfe1 Re8 13. h3 Bf8 14. Kh2 g6 15. e5 Bg7 16. Qf4 dxe5 17. dxe5 Qe7 18. h4 Rad8 19. Ne4 Bxe4 20. Qxe4 Qc5 21. Qf4 h6 22. Rd2 Qe7 23. Red1 Nc5 24. Nd4 Qf8 25. Bc6 Re7 26. b4 Nd7 27. Nf3 Qe8 28. Kg2 Bf8 29. c5 bxc5 30. bxc5 Bg7 31. Qa4 Qf8 32. Rxd7 Rexd7 33. Rxd7 Rxd7 34. Bxd7 Qxc5 35. Qxa6 Bxe5 36. Qa8+ Kg7 37. Nxe5 Qxe5 38. Bc6 Qc5 39. a4 g5 40. a5 gxh4 41. gxh4 Qc4 42. Bf3 e5 43. a6 f5 44. Qc6 e4 45. Qxc4 exf3+ 46. Kxf3 Kf6 47. Qc6+ Ke5 48. a7 f4 49. a8=Q h5 50. Qae8+ Kf5 51. Qcg6# 1-0


[Site "https://www.chess.com"]

[Event "Titled Tuesday Blitz June 22 2021"]
[White "Yuan, Qingyu"]
[Black "Tokman, Ariel"]
[WhiteFideId "8609772"]
[BlackFideId "117420"]
[WhiteElo "2359"]
[BlackElo "2345"]
[Result "1-0"]
[Round "05"]
[TimeControl "180+1"]
[Date "2021.06.22"]
[WhiteClock "0:02:18"]
[BlackClock "0:01:07"]

1. e4 Nf6 2. e5 Nd5 3. Nf3 d6 4. d4 g6 5. Bc4 Nb6 6. Bb3 Bg7 7. Ng5 d5 8. f4 a5 9. a4 O-O 10. O-O f6 11. Nf3 Nc6 12. c3 Bf5 13. Na3 Qd7 14. Qe2 fxe5 15. fxe5 e6 16. h3 Be4 17. Ng5 Rxf1+ 18. Kxf1 Rf8+ 19. Kg1 Qf7 20. Nxf7 1-0


[Site "https://www.chess.com"]

[Event "Titled Tuesday Blitz June 22 2021"]
[White "Zhuravlev, Alexey"]
[Black "Moksh Amit Doshi"]
[WhiteFideId "4164199"]
[BlackFideId "25064967"]
[WhiteElo "2449"]
[BlackElo "2245"]
[Result "1-0"]
[Round "05"]
[TimeControl "180+1"]
[Date "2021.06.22"]
[WhiteClock "0:01:06"]
[BlackClock "0:01:04"]

1. e4 c5 2. Nc3 d6 3. f4 Nc6 4. Nf3 g6 5. Bc4 Bg7 6. O-O e6 7. f5 Nge7 8. fxe6 Bxe6 9. Bxe6 fxe6 10. Ng5 Qd7 11. d3 Ne5 12. Bf4 N7c6 13. Nd5 O-O-O 14. Bxe5 Nxe5 15. Nf4 Rde8 16. c3 Nc6 17. Qg4 Ne5 18. Qh3 h6 19. Ngxe6 g5 20. Nxg7 1-0


[Site "https://www.chess.com"]

[Event "Titled Tuesday Blitz June 22 2021"]
[White "elcandado"]
[Black "Dobrov, Vladimir"]
[BlackFideId "4136594"]
[WhiteElo "2606"]
[BlackElo "2614"]
[Result "0-1"]
[Round "05"]
[TimeControl "180+1"]
[Date "2021.06.22"]
[WhiteClock "0:00:08"]
[BlackClock "0:00:29"]

1. d4 d5 2. Bf4 c5 3. e3 Nc6 4. c3 Nf6 5. Nd2 e6 6. Ngf3 Nh5 7. Be5 f6 8. Bg3 Qb6 9. Qb3 Nxg3 10. hxg3 Bd7 11. Qc2 cxd4 12. exd4 O-O-O 13. O-O-O h6 14. Kb1 Kb8 15. Bd3 Rc8 16. Qb3 Qc7 17. Rde1 Bd6 18. Re2 Na5 19. Qd1 e5 20. dxe5 fxe5 21. Nh4 e4 22. Bc2 Rhe8 23. Nb3 Bb5 24. Rd2 Nc4 25. Rxd5 Nxb2 26. Qd4 Na4 27. Ka1 Be5 28. Rxe5 Rxe5 29. Ng6 Rd5 30. Qb4 Bd3 31. Bd1 a5 32. Qa3 Qxc3+ 0-1


[Site "https://www.chess.com"]

[Event "Titled Tuesday Blitz June 22 2021"]
[White "Andreikin, Dmitry"]
[Black "Hess, Robert"]
[WhiteFideId "4158814"]
[BlackFideId "2022036"]
[WhiteElo "2782"]
[BlackElo "2557"]
[Result "1-0"]
[Round "06"]
[TimeControl "180+1"]
[Date "2021.06.22"]
[WhiteClock "0:00:19"]
[BlackClock "0:00:02"]

1. e4 d6 2. d4 Nf6 3. Nc3 c6 4. Nf3 Bg4 5. h3 Bh5 6. Bd3 Qc7 7. g4 Bg6 8. e5 Bxd3 9. Qxd3 dxe5 10. dxe5 Nfd7 11. e6 Ne5 12. exf7+ Nxf7 13. Be3 g6 14. Nd4 Qd7 15. O-O-O Bg7 16. Qc4 Nd6 17. Qb3 Bxd4 18. Bxd4 Rf8 19. Rhe1 Na6 20. Kb1 Nc7 21. Be5 O-O-O 22. Ne4 Nxe4 23. Rxd7 Rxd7 24. Qe3 Nd2+ 25. Kc1 Nf3 26. Rd1 Nxe5 27. Qxe5 Rxd1+ 28. Kxd1 Kd7 29. Qg7 Rxf2 30. Qd4+ 1-0


[Site "https://www.chess.com"]

[Event "Titled Tuesday Blitz June 22 2021"]
[White "Bluebaum, Matthias"]
[Black "Moroni, Luca Jr"]
[WhiteFideId "24651516"]
[BlackFideId "865834"]
[WhiteElo "2685"]
[BlackElo "2491"]
[Result "1/2-1/2"]
[Round "06"]
[TimeControl "180+1"]
[Date "2021.06.22"]
[WhiteClock "0:00:28"]
[BlackClock "0:00:21"]

1. d4 g6 2. c4 Bg7 3. e4 d6 4. Nf3 Bg4 5. Be2 Nc6 6. Nbd2 e5 7. d5 Nce7 8. h3 Bd7 9. c5 Nf6 10. cxd6 cxd6 11. O-O O-O 12. b3 Nh5 13. Ba3 Nc8 14. Nc4 Be8 15. g3 f5 16. exf5 gxf5 17. Nh4 Nf4 18. Kh2 b5 19. Ne3 Bd7 20. Rg1 Kh8 21. Bb2 Nxe2 22. Qxe2 f4 23. Neg2 fxg3+ 24. fxg3 Nb6 25. Ne3 Qg5 26. Rgf1 Bh6 27. Nhg2 Rac8 28. Rf4 Bg7 29. Rxf8+ Rxf8 30. Rf1 Rxf1 31. Qxf1 Qf6 32. Qe2 Qh6 33. Nh4 Qf6 34. Kg2 Qf7 35. Qd3 Nxd5 36. Nxd5 Bc6 37. Kg1 Qxd5 38. Qxd5 Bxd5 39. Nf5 Bf8 40. Ba3 Be6 41. Nxd6 Bxd6 42. Bxd6 Bxh3 43. Bxe5+ Kg8 44. Kf2 Bf5 45. Ke3 Bb1 46. a3 Ba2 47. b4 Kf7 48. Kd4 Ke6 49. Bb8 a6 50. Kc5 Bb3 51. Kb6 Ba4 52. Kxa6 Kf5 53. Kb6 Kg6 54. Bc7 Kf7 55. Kc5 Kg6 56. Bd8 Kf7 57. Kd6 Kg6 58. Ke7 Bb3 59. Bb6 Ba4 60. Be3 Bb3 61. Kd6 Ba4 62. Ke5 Bb3 63. Bf4 Ba4 64. Kd6 Bb3 65. Kc5 Ba4 66. Kc6 Kf5 67. Kb6 Kg4 68. Kc7 h5 69. Bd6 h4 70. gxh4 Kxh4 71. Kb6 Kg4 72. Kc5 Kf3 73. Kd4 Ke2 74. Kc3 Kd1 75. Bc5 Ke2 76. Bb6 Kf3 77. Kd4 Kg4 78. Kc5 Kh5 79. Kd5 Kg6 80. Kc5 Kh7 81. Kd5 Kg8 82. Kc5 Kf7 83. Kd5 Ke8 84. Kc5 Kd7 85. Ba5 Kc8 86. Kc6 Kb8 87. Bb6 Kc8 88. Bc7 Bd1 89. Be5 Be2 90. Bf6 Bf1 91. Be7 Be2 92. Kb6 Kd7 1/2-1/2


[Site "https://www.chess.com"]